 Dungeon Crawl Stone Soup version 0.32-a0-918-g0f22ef8d61 (webtiles) character file.

Game seed: 12448606940961368686

646 ezpacito the Chopper (level 7, 0/54 HPs)
             Began as a Coglin Chaos Knight on Apr 11, 2024.
             Was a Plaything of Xom.
             Slain by Duvessa
             ... wielding a +0 short sword
              (12 damage)
             ... on level 5 of the Dungeon.
             The game lasted 00:03:46 (3715 turns).

ezpacito the Chopper (Coglin Chaos Knight)          Turns: 3715, Time: 00:03:47

Health: 0/54       AC:  6    Str: 15    XL:     7   Next: 52%
Magic:  0/8        EV: 11    Int:  9    God:    Xom [......]
Gold:   144        SH:  0    Dex: 13    Spells: 0/8 levels left

rFire   x . .        a - +0 hand axe (chaos) {Cedro}
rCold   + . .        o - +1 whip (venom) {Eiko}
rNeg    . . .        b - +2 leather armour
rPois   .            (no helmet)
rElec   .            i - +0 cloak
rCorr   .            (no gloves)
SInv    .            x - +0 pair of boots
Will    .....        (amulet unavailable)
Stlth   ++           (ring unavailable)
HPRegen 0.29/turn    (ring unavailable)
MPRegen 0.11/turn    (no gizmo)

%: no passive effects
@: revving
A: off-hand wielding, slow wielding, warmup strikes, no jewellery, cold
resistance 1, deformed body, dopey 1, heat vulnerability 1, MP-powered wands,
noise suppression
a: Invent Gizmo, Renounce Religion


You were on level 5 of the Dungeon.
You worshipped Xom.
You were a very special plaything of Xom.
You visited 1 branch of the dungeon, and saw 5 of its levels.

You collected 144 gold pieces.

Inventory:

Hand Weapons
 a - a +0 hand axe of chaos (weapon) {Cedro}
 o - a +1 whip of venom (offhand) {Eiko}
 w - the +7 quarterstaff of the Abyss {drain, rPois rC+ Stlth+}
   (You took it off a hobgoblin on level 4 of the Dungeon)

   rC+:       It protects you from cold.
   rPois:     It protects you from poison.
   Stlth+:    It makes you more stealthy.
Missiles
 g - 6 silver javelins (quivered)
 l - 7 poisoned darts
 m - 5 datura-tipped darts
Armour
 b - a +2 leather armour (worn)
 i - a +0 cloak (worn)
 u - a +0 chain mail
 x - a +0 pair of boots (worn)
Wands
 s - a wand of roots (9)
Scrolls
 c - a scroll of butterflies
 k - a scroll of fear {unknown}
 q - 3 scrolls of brand weapon
 r - a scroll of poison {unknown}
 t - 2 scrolls of teleportation
 y - a scroll of enchant weapon {unknown}
 z - 2 scrolls of acquirement {unknown}
 A - a scroll of immolation {unknown}
 B - 3 scrolls of blinking
Potions
 d - 2 potions of ambrosia
 e - a potion of heal wounds {unknown}
 f - 3 potions of magic
 h - a potion of berserk rage {unknown}
 j - a potion of lignification {unknown}
 n - 3 potions of curing {unknown}
 p - 4 potions of attraction
 v - a potion of brilliance {unknown}


   Skills:
 * Level 4.2 Fighting
 * Level 4.2(4.7) Axes
 * Level 2.4(3.5) Polearms
 + Level 1.7 Throwing
 * Level 3.3 Armour
 * Level 2.8 Dodging
 + Level 1.5 Stealth
 + Level 1.2 Spellcasting
 + Level 0.0 Conjurations
 + Level 0.0 Fire Magic
 + Level 0.0 Air Magic
 + Level 0.0 Alchemy
 * Level 0.2 Evocations


You couldn't memorise any spells.
You knew the following spells:

 Your Spells              Type           Power      Damage    Failure   Level
a - Sting                 Conj/Alch      0%         1d3       41%         1
b - Mercury Vapours       Alch/Air       0%         N/A       54%         2
c - Foxfire               Conj/Fire      0%         2x1d4     41%         1
d - Olgreb's Toxic Radia  Alch           0%         N/A       99%         4

Your spell library contained the following spells:

 Spells                   Type           Power      Damage    Failure   Level
 Magic Dart               Conj           0%         1d3       41%         1
 Searing Ray              Conj           0%         2d4       54%         2
 Fulminant Prism          Conj/Alch      0%         3d5       99%         4
 Plasma Beam              Fire/Air       0%         2x1d10    100%        6
 Starburst                Conj/Fire      0%         6d3       100%        6


Dungeon Overview and Level Annotations

Branches:
Dungeon (5/15)
 Temple: D:4-7

Altars:
Elyvilon
Vehumet

Shops:
D:1 =   D:4 :   D:5 :

Annotations:
D:5 Duvessa


Innate Abilities, Weirdness & Mutations

You can wield a second weapon in your off-hand.
It takes a long time for you to wield or remove held weapons.
Your first few attacks do less damage.
You cannot equip rings or amulets.
Your flesh is cold resistant. (rC+)
Armour fits poorly on your strangely shaped body.
You are dopey. (Int -2)
You are vulnerable to heat. (rF-)
You expend magic power (3 MP) to strengthen your wands.
You passively dampen the noise of your surroundings.


Message History

Duvessa is unaffected.
The grasping roots constrict Duvessa.
The grasping roots constrict Dowan!
Dowan escapes!
Duvessa escapes!
You now have 2/8 mp.
Aiming: Fastroot
Press: ? - help, Shift-Dir - straight line, f/p - Dowan
Aim: Dowan, wielding a +5 dagger of chaos and wearing a +2 robe of fire resistance (heavily wounded)
The roots erupt in riotous growth!
Roots grab Dowan.
Roots grab Duvessa.
The grasping roots constrict Dowan!
The grasping roots constrict Duvessa.
Dowan gestures at you while chanting. The puff of flame hits you.
The fire burns you terribly!
Xom thinks this is hilarious!
Duvessa struggles to escape constriction.
You take 4 damage, and have 50/54 hp.
You now have 0/8 mp.
The grasping roots constrict Dowan!
You kill Dowan!
Duvessa screams in rage.
Duvessa goes berserk!
The grasping roots constrict Duvessa.
Duvessa struggles to escape constriction.
The grasping roots constrict Duvessa!
Duvessa hits you with a +0 short sword! Duvessa hits you with a +0 short sword.
There is a stone staircase leading up, spattered with blood here.
Things that are here:
a +5 dagger of chaos; a +2 robe of fire resistance You take 15 damage, and have 35/54 hp.
MASSIVE DAMAGE!!
You hit Duvessa but do no damage.
Duvessa is poisoned.
Duvessa is severely wounded.
You hit Duvessa with your +0 hand axe of chaos.
You burn Duvessa.
The grasping roots constrict Duvessa.
You grasping roots sink back into the ground.
Duvessa hits you with a +0 short sword!
You take 6 damage, and have 29/54 hp.
You hit Duvessa but do no damage.
Duvessa is almost dead.
You barely miss Duvessa with your +1 whip of venom.
Duvessa hits you with a +0 short sword!
* * * LOW HITPOINT WARNING * * *
Duvessa hits you with a +0 short sword!
You die... "It was about time."

#
#################
#................
#.###############
#.# # #.# #
######.# #
###......# #
.......@## #
.......e# #
........# #
........# .######
......... .......
........# #...#
#.#.####
###+###.# #.#.#
#....... #.#
#.#.# #.#.#### #
#.#.###.#.# #


You could see Duvessa (berserk, very poisoned).

Vanquished Creatures
  An ogre (D:5)
  2 scorpions (D:4)
  Dowan (D:5)
  A bombardier beetle (D:4)
  An orc priest (D:5)
  2 hounds (D:5)
  2 jellies (D:4)
  3 iguanas
  4 gnolls
  5 adders
  2 ribbon worms
  4 orcs (D:5)
  8 endoplasms
  8 giant cockroaches
  4 hobgoblins
  2 jackals (D:2)
  6 kobolds
  4 quokkas
  7 ball pythons
  4 bats
  6 frilled lizards
  4 goblins
  6 rats
87 creatures vanquished.

Notes
Turn   | Place    | Note
-------+----------+-------------------------------------------
     0 | D:1      | ezpacito the Coglin Chaos Knight began the quest for the
                  | Orb.
     0 | D:1      | Reached XP level 1. HP: 18/18 MP: 1/1
    62 | D:1      | Reached skill level 1 in Dodging
    85 | D:1      | Reached XP level 2. HP: 24/24 MP: 2/2
   196 | D:1      | Found a faded altar of an unknown god.
   197 | D:1      | Found Tesi's Jewellery Shop.
   200 | D:1      | Got Plato's Discursus on the Salamander
   606 | D:1      | XOM: silly message
   761 | D:1      | XOM: give mutations
   761 | D:1      | Gained mutation: You are partially covered in iridescent
                  | scales. (AC +2) [Xom's mischief]
   761 | D:1      | Gained mutation: You are vulnerable to heat. (rF-) [Xom's
                  | mischief]
   761 | D:1      | Gained mutation: Armour fits poorly on your strangely
                  | shaped body. [Xom's mischief]
   761 | D:1      | Gained mutation: You sometimes lose your temper in combat.
                  | [Xom's mischief]
   877 | D:2      | XOM: summons 1 hostile demon
   991 | D:2      | XOM is BORED!
   991 | D:2      | XOM: give mutations
   991 | D:2      | Lost mutation: You are partially covered in iridescent
                  | scales. (AC +2) [Xom's mischief]
   991 | D:2      | Gained mutation: You expend magic power (3 MP) to
                  | strengthen your wands. [Xom's mischief]
  1069 | D:2      | Reached XP level 3. HP: 27/29 MP: 3/3
  1132 | D:2      | Reached skill level 1 in Polearms
  1266 | D:2      | You fall into a shaft and drop 2 floors!
  1281 | D:3      | XOM: smoke on damage
  1284 | D:3      | Reached XP level 4. HP: 27/35 MP: 4/4
  1307 | D:3      | XOM: 1-stop teleportation journey
  1326 | D:3      | Found a transporter.
  1329 | D:3      | Found a white marble altar of Elyvilon.
  1329 | D:3      | Found a transporter.
  2082 | D:3      | XOM: 2-stop teleportation journey
  2096 | D:3      | XOM: 6-stop teleportation journey
  2143 | D:3      | XOM: stat loss: -1 Dex (12/13)
  2375 | D:3      | XOM: torment (19/35 hp)
  2403 | D:3      | XOM: noise
  2637 | D:4      | Identified the +7 quarterstaff of the Abyss {drain, rPois
                  | rC+ Stlth+}
  2638 | D:4      | XOM: stat loss: -1 Int (10/11)
  2692 | D:4      | Reached XP level 5. HP: 41/41 MP: 5/5
  2720 | D:4      | XOM: noise
  2725 | D:4      | Reached skill level 1 in Throwing
  2725 | D:4      | Reached skill level 1 in Stealth
  2732 | D:4      | Reached XP level 6. HP: 37/48 MP: 5/7
  2807 | D:4      | XOM: give mutations
  2807 | D:4      | Lost mutation: You sometimes lose your temper in combat.
                  | [Xom's mischief]
  2807 | D:4      | Gained mutation: You are dopey. (Int -2) [Xom's mischief]
  2807 | D:4      | Gained mutation: You passively dampen the noise of your
                  | surroundings. [Xom's mischief]
  2807 | D:4      | Gained mutation: Your flesh is cold resistant. (rC+) [Xom's
                  | mischief]
  2849 | D:4      | XOM: cast spell 'Alistair's Intoxication'
  2999 | D:4      | Found Rilaen Haug's Vocational Training.
  3078 | D:4      | Reached skill level 1 in Spellcasting
  3348 | D:5      | Entered Level 5 of the Dungeon
  3466 | D:5      | Reached XP level 7. HP: 54/54 MP: 8/8
  3480 | D:5      | Found a radiant altar of Vehumet.
  3537 | D:5      | Found Manwup's Self-Improvement Boutique.
  3577 | D:5      | Learned a level 1 spell: Sting
  3580 | D:5      | Learned a level 2 spell: Mercury Vapours
  3582 | D:5      | Learned a level 1 spell: Foxfire
  3587 | D:5      | Learned a level 4 spell: Olgreb's Toxic Radiance
  3707 | D:5      | Noticed Duvessa
  3707 | D:5      | Noticed Dowan
  3709 | D:5      | XOM: chaos upgrade
  3712 | D:5      | Killed Dowan
  3715 | D:5      | Slain by Duvessa

Illustrated notes

Levels and vault maps discovered:
D:1:      dpeg_arrival_long_road, layout_loops_corners, serial_shops,
          nicolae_shop_window_shopping, shapermc_ecumenical_altar_rom_forum,
          hangedman_abyss_or_decor_lesser_grid
D:2:      layout_basic
D:3:      layout_loops_ring, elyvilon_altar_4
D:4:      layout_rooms, nicolae_shop_vocational
D:5:      layout_basic, mainiacjoe_overflow_alcove_1, nicolae_shop_self_help,
          uniq_edmund, uniq_duvessa

Skill      XL: |  1  2  3  4  5  6 |
---------------+-------------------+-----
Dodging        | 1 2 |  2.8
Armour         | 2 3 |  3.3
Polearms       | 1 2 |  2.4
Throwing       | 1 |  1.7
Stealth        | 1 |  1.5
Spellcasting   | 1 |  1.2
Axes           | 4 |  4.2
Fighting       | 4 |  4.2
Evocations     | |  0.2

Action                     |  1- 3 |  4- 6 |  7- 9 || total
---------------------------+-------+-------+-------++-------
  Melee: Hand axe          |    60 |    95 |    17 ||   172
         Dagger            |    60 |    11 |       ||    71
         Whip              |       |    82 |    17 ||    99
  Evoke: Wand              |       |       |     3 ||     3
    Use: Scroll            |       |     6 |       ||     6
   Stab: Sleeping          |     1 |     1 |       ||     2
 Armour: Leather armour    |    35 |    47 |    18 ||   100
  Dodge: Dodged            |    31 |    56 |     7 ||    94

Table legend: (Time is in decaauts)
 A = Elapsed time spent in this place.
 B = Non-inter-level travel time spent in this place.
 C = Inter-level travel time spent in this place.
 D = Time resting spent in this place.
 E = Time spent auto-exploring this place.
 F = Levels seen in this place.
 G = Mean time per level.
                   A        B        C        D        E       F      G
               +--------+--------+--------+--------+--------+-----+--------+
         Total |   3777 |   3590 |    187 |     22 |   2910 |   5 |  755.4 |
       Dungeon |   3777 |   3590 |    187 |     22 |   2910 |   5 |  755.4 |
               +--------+--------+--------+--------+--------+-----+--------+

Top non-repeatable levels by time:
     D:2: 1116 daAuts
     D:1: 869 daAuts
     D:4: 763 daAuts
     D:3: 659 daAuts
     D:5: 367 daAuts
